 Dungeon Sprint DCSS version 0.26-a0-652-gafc20e3620 (webtiles) character file.

Game seed: 2968163959303384323

1956 sahdkjhfkaj the Grappler (level 8, 0/92 HPs)
             Began as a Troll Wanderer on Oct 1, 2020.
             Was an Initiate of Gozag.
             Slain by a tarantella (11 damage)
             ... in the Dungeon (Sprint VII: "The Pits") on Oct 2, 2020.
             The game lasted 00:04:25 (610 turns).

sahdkjhfkaj the Grappler (Troll Wanderer)            Turns: 610, Time: 00:04:26

Health: 0/92       AC:  8    Str: 23    XL:     8   Next: 99%
Magic:  7/7        EV: 14    Int:  7    God:    Gozag
Gold:   1216       SH:  0    Dex: 10    Spells: 7/7 levels left

rFire    . . .     SeeInvis .     - Unarmed
rCold    . . .     Faith    .   (no shield)
rNeg     . . .     Spirit   .   b - +2 robe
rPois    .         Reflect  .   (helmet restricted)
rElec    .         Harm     .   (no cloak)
rCorr    .         Rampage  .   (gloves unavailable)
MR       .....     NoTele   +   (boots unavailable)
Stlth    +.........             (no amulet)
HPRegen  0.65/turn              (no ring)
MPRegen  0.10/turn              (no ring)

@: confused, gold aura
A: large, unfitting armour, claws 3, regeneration 1, shaggy fur 1, tough skin 3
a: Potion Petition, Call Merchant, Bribe Branch, Renounce Religion


You were in the Dungeon.
You worshipped Gozag.
Gozag was most pleased with you.
You visited 1 branch You collected 1800 gold pieces.
You paid 584 gold pieces to Gozag.

Inventory:

Armour
 b - a +2 robe (worn)
Jewellery
 n - a +3 ring of protection
 o - a +3 ring of intelligence
Scrolls
 c - 3 scrolls of remove curse
 d - 5 scrolls of amnesia
 j - a scroll of blinking
 k - a scroll of summoning
 l - 2 scrolls of vulnerability
Potions
 a - 2 potions of invisibility
 e - 9 potions of curing
 f - 8 potions of heal wounds
 g - 3 potions of haste
 h - 4 potions of magic
 i - 3 potions of berserk rage
 m - a potion of degeneration {unknown}
 p - 2 potions of might
 q - a potion of mutation


   Skills:
 + Level 9.3 Fighting
   Level 1.0 Axes
   Level 1.0 Bows
 - Level 1.0 Throwing
 + Level 11.1 Dodging
 + Level 11.3 Unarmed Combat
   Level 1.0 Evocations


You had 7 spell levels left.
You didn't know any spells.
Your spell library was empty.

Dungeon Overview and Level Annotations

Branches:
Dungeon (1/1)

Altars:
Ashenzari
Cheibriados
Dithmenos
Elyvilon
Fedhas
Gozag
Hepliaklqana
Kikubaaqudgha
Makhleb
Nemelex Xobeh
Okawaru
Qazlal
Ru
Sif Muna
Trog
Uskayaw
Vehumet
Wu Jian
Xom
Yredelemnul
Zin
The Shining One
Beogh
Jiyva
Lugonu

Shops:
D [


Innate Abilities, Weirdness & Mutations

You are too large for most types of armour.
You have claws for hands.
Your natural rate of healing is unusually fast.
You are covered in fur. (AC +1)
You have extremely tough skin. (AC +3)


Message History

You bump into the metal wall.
The tarantella bites you!
The red devil hits you with a +0 trident!
* * * LOW HITPOINT WARNING * * *
You feel less confused.
The tarantella bites you but does no damage.
The red devil hits you with a +0 trident!
* * * LOW HITPOINT WARNING * * *
The tarantella barely misses you. The tarantella bites you.
* * * LOW HITPOINT WARNING * * *
You are confused.
The red devil hits you from afar with a +0 trident!
* * * LOW HITPOINT WARNING * * *
You see here 54 gold pieces.
Welcome back, sahdkjhfkaj the Troll Wanderer.
Gozag says: Greed is good.
Press ? for a list of commands and other information.
The tarantella bites you!
You die...
Your body crumbles into a pile of gold.

####'##................#
)))'.##......#..#......#
####.##................+
.....)'................+
#'#####......#..#......#
..#..##................#
..)..#####'#####''######
###'###.......##''###
)....##.......##@...#
.....##.......##$s.##
#'#####...<...##..##
)))[.##.......##4.#
)))[.##.......##..+
#######.......##.##
.##).#############
..#)###########
.##)#....#..[[#


You could see a red devil and a tarantella.

Vanquished Creatures
  Pikel (D)
  2 polar bears (D)
  A merfolk (D)
  A flying skull (D)
  2 floating eyes (D)
  An orc warrior (D)
  2 ice beasts (D)
  2 lemures (D)
  4 wights (D)
  A worker ant (D)
  An adder (D)
  An ufetubus (D)
  A worm (D)
  4 orcs (D)
  A bat (D)
  A bat zombie (D)
  A giant cockroach (D)
  2 goblins (D)
  2 hobgoblins (D)
  A frilled lizard (D)
32 creatures vanquished.

Notes
Turn   | Place    | Note
-------+----------+-------------------------------------------
     0 | D        | sahdkjhfkaj the Troll Wanderer began the quest for the Orb.
     0 | D        | sahdkjhfkaj set off with the following items: a +0 mace, a
                  | +2 robe, a +0 shortbow, 24 arrows, a potion of curing, a
                  | potion of heal wounds, a potion of haste, 2 potions of
                  | magic, a potion of berserk rage, a scroll of blinking
     0 | D        | Reached XP level 1. HP: 19/19 MP: 0/0
    17 | D        | Reached skill level 1 in Unarmed Combat
    21 | D        | Found a bloodstained altar of Trog.
    21 | D        | Found a shimmering blue altar of Sif Muna.
    21 | D        | Found a viscous altar of Jiyva.
    21 | D        | Found a hazy altar of Hepliaklqana.
    21 | D        | Found an opulent altar of Gozag.
    22 | D        | Found a glowing golden altar of the Shining One.
    22 | D        | Found a glowing silver altar of Zin.
    22 | D        | Found a basalt altar of Yredelemnul.
    22 | D        | Found a shimmering altar of Xom.
    22 | D        | Found an ornate altar of the Wu Jian Council.
    22 | D        | Found a sacrificial altar of Ru.
    22 | D        | Found a stormy altar of Qazlal.
    22 | D        | Found an iron altar of Okawaru.
    22 | D        | Found a sparkling altar of Nemelex Xobeh.
    22 | D        | Found a burning altar of Makhleb.
    22 | D        | Found a blossoming altar of Fedhas.
    22 | D        | Found a white marble altar of Elyvilon.
    22 | D        | Found a shadowy altar of Dithmenos.
    22 | D        | Found a snail-covered altar of Cheibriados.
    23 | D        | Found a radiant altar of Vehumet.
    23 | D        | Found a corrupted altar of Lugonu.
    23 | D        | Found a roughly hewn altar of Beogh.
    24 | D        | Found a hide-covered altar of Uskayaw.
    24 | D        | Found an ancient bone altar of Kikubaaqudgha.
    24 | D        | Found a broken altar of Ashenzari.
    40 | D        | Became a worshipper of Gozag Ym Sagoz the Greedy
    97 | D        | Noticed a worker ant
    97 | D        | Noticed a floating eye
   100 | D        | Killed a worker ant
   100 | D        | Reached XP level 2. HP: 31/31 MP: 1/1
   100 | D        | Reached XP level 3. HP: 37/37 MP: 2/2
   102 | D        | Paralysed by a floating eye for 3 turns
   107 | D        | Killed a floating eye
   107 | D        | Reached skill level 5 in Unarmed Combat
   107 | D        | Reached skill level 5 in Fighting
   107 | D        | Reached XP level 4. HP: 50/50 MP: 3/3
   111 | D        | Noticed an orc warrior
   122 | D        | Killed an orc warrior
   122 | D        | Reached XP level 5. HP: 45/61 MP: 4/4
   243 | D        | Noticed an ice beast
   244 | D        | Noticed a lemure
   244 | D        | Noticed a floating eye
   245 | D        | Noticed a lemure
   245 | D        | Noticed a lemure
   245 | D        | Noticed a lemure
   245 | D        | Noticed a flying skull
   245 | D        | Noticed Pikel
   249 | D        | Paralysed by a floating eye for 2 turns
   254 | D        | Killed an ice beast
   254 | D        | Reached skill level 10 in Unarmed Combat
   254 | D        | Reached XP level 6. HP: 49/72 MP: 5/5
   262 | D        | Killed a flying skull
   267 | D        | Paralysed by a floating eye for 2 turns
   274 | D        | Killed Pikel
   274 | D        | Reached XP level 7. HP: 55/80 MP: 6/6
   275 | D        | Paralysed by a floating eye for 3 turns
   280 | D        | Reached skill level 10 in Dodging
   280 | D        | Reached XP level 8. HP: 64/88 MP: 7/7
   343 | D        | Noticed a merfolk
   355 | D        | Killed a merfolk
   476 | D        | Noticed a polar bear
   476 | D        | Noticed a polar bear
   491 | D        | Killed a polar bear
   499 | D        | Killed a polar bear
   596 | D        | Noticed a red devil
   610 | D        | Slain by a tarantella

Illustrated notes

Levels and vault maps discovered:
D:        pitsprint [storerooms_1, entrance_room_1, metal_vault_7, armoury_1,
          mini_pit_1, grid_room_1, main_hall_1, silver_pit, the_coven_2,
          the_vestibule_1, steel_vault_4, golden_pit, hallway_of_sentries,
          crystal_vault_1, iron_vault_3, final_vault]

Skill      XL: |  1  2  3  4  5  6  7  8 |
---------------+-------------------------+-----
Unarmed Combat | 4 7 9 10 11 | 11.3
Fighting       | 3 5 6 7 8 9 |  9.3
Dodging        | 9 10 11 | 11.1
Axes           | |  1.0
Bows           | |  1.0
Throwing       | |  1.0
Evocations     | |  1.0

Action                   |  1- 3 |  4- 6 |  7- 9 || total
-------------------------+-------+-------+-------++-------
Melee: Unarmed           |    19 |    40 |    47 ||   106
       Punch             |     1 |     1 |     1 ||     3
Invok: Call Merchant     |       |       |     1 ||     1
Armor: Robe              |     2 |    12 |    22 ||    36
Dodge: Dodged            |     8 |    31 |    43 ||    82

Table legend: (Time is in decaauts)
 A = Elapsed time spent in this place.
 B = Non-inter-level travel time spent in this place.
 C = Inter-level travel time spent in this place.
 D = Time resting spent in this place.
 E = Time spent auto-exploring this place.
 F = Levels seen in this place.
 G = Mean time per level.
                   A        B        C        D        E       F      G
               +--------+--------+--------+--------+--------+-----+--------+
         Total |    592 |    532 |     60 |    186 |      0 |   1 |  592.0 |
       Dungeon |    592 |    532 |     60 |    186 |      0 |   1 |  592.0 |
               +--------+--------+--------+--------+--------+-----+--------+

Top non-repeatable levels by time:
       D: 592 daAuts
